 Dungeon Crawl Stone Soup version 0.14-a0-1626-g054e7ae (webtiles) character file.

788 PolkaDot the Jinx (level 7, -6/49 HPs)
             Began as a Vampire Enchanter on Dec 25, 2013.
             Mangled by a gnoll
             ... wielding a +0,+0 halberd
              (13 damage)
             ... on Level 6 of the Dungeon.
             The game lasted 00:27:05 (5164 turns).

PolkaDot the Jinx (Vampire Enchanter)               Turns: 5164, Time: 00:27:05

HP  -6/49        AC  5     Str 12      XL: 7   Next:  8%
MP  11/12        EV 14     Int 17      God:
Gold 232         SH  0     Dex 16      Spells:  3 memorised,  0 levels left

rFire  . . .     SeeInvis +     a - -1,+3 orc dagger
rCold  . . .     Clarity  .     e - +2 robe
rNeg   . . .     Conserve .     (no shield)
rPois  .         rCorr    .     (no helmet)
rElec  .         rRot     .     (no cloak)
SustAb . .       Spirit   .     m - +0 pair of gloves
rMut   .         Warding  .     (no boots)
Saprov . . .     Stasis   .     (no amulet)
                                (no ring)
                                (no ring)

@: regenerating quickly, invisible, mighty, very slightly contaminated, slightly
resistant to hostile enchantments, stealthy
A: bottle blood, fangs 3, see invisible, unbreathing
a: Bottle Blood


You were on level 6 of the Dungeon.
You were full.

You visited 1 branch of the dungeon, and saw 6 of its levels.

You collected 232 gold pieces.

Inventory:

Hand weapons
 a - a -1,+3 orcish dagger (weapon)
Missiles
 d - 10 darts (quivered)
Armour
 e - a +2 robe (worn)
 m - a +0 pair of gloves (worn)
Scrolls
 g - a scroll of enchant weapon II {unknown}
 i - a scroll of curse armour {unknown}
 j - a scroll of curse weapon {unknown}
 k - 2 scrolls of remove curse {unknown}
 o - a scroll of identify
 q - a scroll of amnesia {unknown}
 s - a scroll of fog {unknown}
 t - 3 scrolls of noise {unknown}
 u - a scroll of blinking {unknown}
Potions
 h - a potion of flight
 l - a potion of lignification
 n - a potion of restore abilities
 v - a potion of invisibility
Books
 c - a book of Maledictions

   Spells                             Type                      Level
   *Corona                            Hexes                        1
   Sure Blade                         Hexes/Charms                 2
   Ensorcelled Hibernation            Hexes/Ice                    2
   *Confuse                           Hexes                        3
   Enslavement                        Hexes                        4
   *Invisibility                      Hexes                        6


   Skills:
 - Level 1.7 Fighting
 - Level 2.5 Short Blades
 - Level 0.7 Throwing
 - Level 3.5 Dodging
 + Level 3.2 Stealth
 - Level 2.0 Spellcasting
 * Level 9.9 Hexes


You couldn't memorise any spells.
You knew the following spells:

 Your Spells              Type           Power        Failure   Level  Hunger
a - Corona                Hex            #####..      1%          1    #......
c - Confuse               Hex            #####...     1%          3    ####...
i - Invisibility          Hex            #####...     63%         6    #######


Dungeon Overview and Level Annotations

Branches:
Dungeon (6/16)
 Temple: D:4-7

Altars:
Trog
Yredelemnul

Shops:
D:4 =

Annotations:
D:6 Dowan, Duvessa, Pikel


Innate Abilities, Weirdness & Mutations

Your natural rate of healing is unusually fast.
You can bottle blood from corpses.
You have razor-sharp teeth.*
You have supernaturally acute eyesight.
You can survive without breathing.*


Message History

You feel better. The giant frog hits you!
The gnoll hits you from afar with a spear.
The gnoll shaman calls upon its god to heal the gnoll.
The gnoll is healed somewhat.
The giant frog hits you.
* * * LOW HITPOINT WARNING * * *
The gnoll hits you from afar with a halberd.
* * * LOW HITPOINT WARNING * * *
The slave hits you.
* * * LOW HITPOINT WARNING * * *
You miss the giant frog. You bite the giant frog.
The giant frog is severely wounded.
You are no longer glowing.
The gnoll misses you. The giant frog misses you.
The gnoll throws a stone.
The stone hits the slave.
The gnoll hits you but does no damage.
Unknown command.
You barely miss the giant frog. Your bite misses the giant frog.
The giant frog is severely wounded.
The giant frog misses you. The slave misses you.
The gnoll hits you from afar with a halberd!
You die...

**...##########..#,,,,,,,*++*,,,,
*,.,******######.#,,,**,,,,,,,,**
*,,**>,*,,#....#.#,,****,,,,,,***
*,,**,,*,,#....#(#,**,,+,,,,,,+,,
*,,**,,*++#....#@#,**,,+,,,,,,+,,
*,,**,,.......gKg#,,****,,,,,,***
*,,**⌠,.......gg@#,,,**,,,,,,,,**
*,,**,,.......gg@#,,,,,,,*++*,,,,
*,,**,,*''#....#@#*,,,,,**,,**,,,
*,,**,,*,,#....#F#****,,**,,**,,,
*,,**>,*,,#....#..,,,*,,,****,,,,
*,,,******######...,,,,,,,**,,,,,
*,,,,**********...(.,,,,,,,,,,,,,
*,,,,,,,,,,,,,,......,,,,,,,,,,,,
**,,,,,,,,,,,,,.......,,,,,,,,,,,
*,,,,,,,,,,,,,.......,,,,,,,,,,,,
*,,,,,,,,,,,,,,...,,,,,,,,,,,,,,,


You could see 3 slaves, a gnoll sergeant, a giant frog, a gnoll shaman, 4 gnolls
and a kobold.

Vanquished Creatures
  The ghost of runewalsh the Sneak, an average OpWz (D:4)
  2 crimson imps
  A jelly (D:5)
  2 iguanas
  3 orc wizards
  Terence (D:3)
  2 gnolls (D:6)
  3 adders
  3 worms
  7 giant geckos
  An ooze (D:2)
  18 orcs
  A ball python (D:4)
  14 bats
  A bat zombie (D:5)
  9 giant cockroaches
  5 hobgoblins
  12 kobolds
  A quokka (D:2)
  A giant gecko skeleton (D:4)
  7 giant newts
  A gnoll skeleton (D:5)
  12 goblins
  4 jackals
  An orc skeleton (D:5)
  14 rats
  2 rat zombies (D:5)
129 creatures vanquished.

Vanquished Creatures (others)
  A plant (D:3)
1 creature vanquished.

Grand Total: 130 creatures vanquished

Notes
Turn   | Place    | Note
--------------------------------------------------------------
     0 | D:1      | PolkaDot, the Vampire Enchanter, began the quest for the Orb.
     0 | D:1      | Reached XP level 1. HP: 13/13 MP: 3/3
    85 | D:1      | Reached XP level 2. HP: 14/19 MP: 4/4
   765 | D:1      | Reached XP level 3. HP: 16/24 MP: 6/6
  1108 | D:1      | Learned a level 3 spell: Confuse
  1419 | D:2      | Reached skill level 1 in Fighting
  1899 | D:2      | Reached XP level 4. HP: 27/32 MP: 3/7
  2311 | D:3      | Reached skill level 5 in Hexes
  2472 | D:3      | Noticed Terence
  2498 | D:3      | Killed Terence
  2498 | D:3      | Reached XP level 5. HP: 31/38 MP: 5/9
  2657 | D:3      | Reached skill level 6 in Hexes
  3200 | D:4      | Found Cicruzufao's Jewellery Shop.
  3310 | D:4      | Reached skill level 7 in Hexes
  3702 | D:4      | Reached XP level 6. HP: 44/44 MP: 4/10
  3758 | D:4      | Reached skill level 8 in Hexes
  3791 | D:4      | Noticed runewalsh's ghost (average OpWz)
  3829 | D:4      | Killed runewalsh's ghost
  3829 | D:4      | Reached skill level 9 in Hexes
  4212 | D:5      | Entered Level 5 of the Dungeon
  4445 | D:5      | Found a basalt altar of Yredelemnul.
  4584 | D:5      | Noticed a moth of wrath
  4585 | D:5      | Found a bloodstained altar of Trog.
  4909 | D:5      | Reached XP level 7. HP: 49/49 MP: 12/12
  4946 | D:5      | Learned a level 6 spell: Invisibility
  5054 | D:6      | Noticed Pikel
  5086 | D:6      | Noticed Duvessa
  5086 | D:6      | Noticed Dowan
  5164 | D:6      | Mangled by a gnoll

Action                   |  1- 3 |  4- 6 |  7- 9 || total
-------------------------+-------+-------+-------++-------
Melee: Dagger            |    76 |   320 |    17 ||   413
       Whip              |   187 |       |       ||   187
       Short sword       |     4 |       |       ||     4
Throw: Dart              |    29 |       |       ||    29
 Cast: Corona            |    15 |     5 |       ||    20
       Confuse           |     8 |    23 |     1 ||    32
  Use: Scroll            |     8 |     5 |     2 ||    15
       Potion            |     2 |     3 |     7 ||    12
 Stab: Sleeping          |    10 |     6 |       ||    16
       Confused          |     2 |    16 |       ||    18
       Invisible         |       |       |     1 ||     1
